 Dungeon Crawl Stone Soup version bcrawl-1.19.1 (webtiles) character file.

Game seed: 5711739914454760864

147 mahrnol the Caller (level 5, 0/28 HPs)
             Began as an Avariel Summoner on Dec 6, 2019.
             Slain by a hippogriff (10 damage)
             ... on level 4 of the Dungeon.
             The game lasted 00:18:02 (3142 turns).

mahrnol the Caller (Avariel Summoner)               Turns: 3142, Time: 00:18:03

Health: 0/28       AC:  2    Str:  6    XL:     5   Next: 29%
Magic:  8/14       EV: 12    Int: 22    God:
Gold:   230        SH:  0    Dex: 13    Spells: 3/13 levels left

rFire    . . .     SeeInvis .   b - +0 dagger
rCold    . . .     Gourm    .   (no shield)
rNeg     . . .     Faith    .   a - +0 robe
rPois    .         Spirit   .   (no helmet)
rElec    .         Reflect  .   (no cloak)
rCorr    .         Harm     .   (no gloves)
MR       .....                  (no boots)
Stlth    ++........             (no amulet)
HPRegen  0.09/turn              (no ring)
MPRegen  0.14/turn              (no ring)

@: no status effects
A: no striking features
a: no special abilities


You were on level 4 of the Dungeon.
You were not hungry.

You visited 1 branch of the dungeon, and saw 4 of its levels.

You collected 230 gold pieces.

Inventory:

Hand Weapons
 b - a +0 dagger (weapon)
 m - a +0 hunting sling
 p - a +2 flail of holy wrath
Missiles
 i - 148 bolts
 j - 17 needles of frenzy
 o - 206 arrows
 r - 209 sling bullets
Armour
 a - a +0 robe (worn)
Jewellery
 h - an uncursed amulet of the acrobat {unknown}
Wands
 q - a wand of disintegration (6)
Scrolls
 c - a scroll of summoning
 e - 2 scrolls of noise {unknown}
 f - a scroll of enchant weapon {unknown}
 l - 2 scrolls of fear {unknown}
 n - 3 scrolls of teleportation {unknown}
 t - a scroll of enchant armour {unknown}
 u - a scroll of remove curse {unknown}
Potions
 g - 2 potions of heal wounds {unknown}
 k - a potion of degeneration {unknown}
Comestibles
 d - 8 rations {!d}


   Skills:
 + Level 0.5 Short Blades
 + Level 2.3 Dodging
 + Level 2.6 Stealth
 + Level 4.7 Spellcasting
 + Level 6.2 Summonings


You had 3 spell levels left.
You knew the following spells:

 Your Spells              Type           Power        Failure   Level  Hunger
a - Summon Small Mammal   Summ           ####         1%          1    None
b - Call Imp              Summ           ####..       1%          2    None
c - Call Canine Familiar  Summ           ####....     2%          3    ##.....
d - Summon Ice Beast      Ice/Summ       ###.....     28%         4    ####...

Your spell library contained the following spells:

 Spells                   Type           Power        Failure   Level  Hunger
 Summon Lightning Spire   Summ/Air       ###.....     63%         5    #####..


Dungeon Overview and Level Annotations

Branches:
Dungeon (4/12)
 Temple: D:4-7

Altars:
Makhleb
Ru

Annotations:
D:4 exclusion: phantom


Message History

Your hound closely misses the hippogriff.
Your hound bites the hippogriff.
The hippogriff completely misses your hound.
The hippogriff pecks your hound! The hippogriff claws your hound!
Your hound dies!
Your hound's corpse disappears in a puff of smoke!
The hippogriff screeches!
Casting: Call Imp (safe; 1% risk of failure)
Confirm with . or Enter, or press ? or * to list all spells.
A beastly little devil appears in a puff of flame.
Your shadow imp gestures at the hippogriff.
The hippogriff writhes in agony.
Your crimson imp blinks!
You barely miss the hippogriff.
The hippogriff is severely wounded.
The hippogriff barely misses you. The hippogriff misses you.
The hippogriff claws you.
Your crimson imp blinks!
The hippogriff bites you!
You die...

.....##....##.........#
##...##....##.5.##....#
##...##....##'####5...#
.....^......'....+....#
............#...##5...#
.....##....##...##....#
####'########...##...5#
##...##..........H.ยง..#
##....#.........@.....#
.#....#....##..###....#
.##'###.... #### #....#
.#...##### .....#
.#...## .....# .#....#
.....# .#....# #.....#
.###### ##### ##


You could see a hippogriff and a friendly crimson imp.

Vanquished Creatures
  A ball python (D:3)
  A goblin (D:2)
  A hobgoblin (D:3)
  2 kobolds
5 creatures vanquished.

Vanquished Creatures (collateral kills)
  A scorpion (D:3)
  2 hounds
  A bullfrog skeleton (D:4)
  6 adders
  An ooze (D:3)
  An adder skeleton (D:4)
  A worm (D:4)
  A dart slug (D:2)
  5 leopard geckos
  5 bats
  4 giant cockroaches
  8 goblins
  5 hobgoblins
  3 kobolds
  A quokka (D:3)
  3 frilled lizards
  A quokka skeleton (D:4)
  5 rats
54 creatures vanquished.

Grand Total: 59 creatures vanquished

Notes
Turn   | Place    | Note
-------+----------+-------------------------------------------
     0 | D:1      | mahrnol the Avariel Summoner began the quest for the Orb.
     0 | D:1      | Reached XP level 1. HP: 10/10 MP: 6/6
   216 | D:1      | Reached skill level 5 in Summonings
   497 | D:1      | Reached XP level 2. HP: 15/15 MP: 5/7
   501 | D:1      | Learned a level 2 spell: Call Imp
  1229 | D:2      | Reached XP level 3. HP: 18/19 MP: 9/9
  1234 | D:2      | Learned a level 3 spell: Call Canine Familiar
  1391 | D:2      | Found a faded altar of an unknown god.
  1582 | D:2      | Found a sacrificial altar of Ru.
  1713 | D:3      | Noticed a scorpion
  1730 | D:3      | Killed a scorpion
  1730 | D:3      | Reached XP level 4. HP: 19/24 MP: 8/12
  1971 | D:3      | Found a burning altar of Makhleb.
  2585 | D:4      | Learned a level 4 spell: Summon Ice Beast
  2613 | D:4      | Reached skill level 6 in Summonings
  2675 | D:4      | Reached XP level 5. HP: 28/28 MP: 14/14
  3016 | D:4      | Noticed a phantom
  3119 | D:4      | Noticed a hippogriff
  3142 | D:4      | Slain by a hippogriff

Skill      XL: |  1  2  3  4 |
---------------+-------------+-----
Summonings     | 5 6 |  6.2
Spellcasting   | 3 4 |  4.7
Short Blades   | |  0.5
Dodging        | |  2.3
Stealth        | |  2.6

Action                   |  1- 3 |  4- 6 || total
-------------------------+-------+-------++-------
Melee: Dagger            |    29 |    16 ||    45
 Cast: Summon Small Mamm |    59 |    37 ||    96
       Call Imp          |     4 |     7 ||    11
       Call Canine Famil |       |     1 ||     1
  Use: Potion            |     2 |       ||     2
 Stab: Distracted        |     1 |       ||     1
       Sleeping          |       |     2 ||     2
  Eat: Chunk             |     2 |     1 ||     3
       Ration            |       |     1 ||     1
Armor: Robe              |     9 |     1 ||    10
Dodge: Dodged            |    41 |    19 ||    60
